 Dungeon Crawl Stone Soup version 0.16.2-12-gd0ad4c3 (webtiles) character file.

2037 SockEdd the Blocker (level 9, -2/78 HPs)
             Began as a Minotaur Fighter on Sept 21, 2015.
             Was an Initiate of the Shining One.
             Killed by nerve-wracking pain
             ... invoked by Menkaure
              (10 damage)
             ... on level 6 of the Dungeon.
             The game lasted 00:20:28 (5063 turns).

SockEdd the Blocker (Minotaur Fighter)              Turns: 5063, Time: 00:20:28

Health: -2/78      AC: 16    Str: 21    XL:     9   Next: 4%
Magic:  4/4        EV:  5    Int:  5    God:    the Shining One [......]
Gold:   443        SH: 12    Dex: 13    Spells: 0 memorised, 8 levels left

rFire  . . .     SeeInvis .     a - +0 war axe
rCold  . . .     Clarity  .     w - +0 plate armour
rNeg   . . .     SustAb   .     c - +0 shield
rPois  .         Gourm    .     (helmet restricted)
rElec  .         Spirit   .     o - +1 cloak {niga poison}
rCorr  .         Warding  .     E - +0 pair of gloves
rMut   .         Stasis   .     t - +0 pair of boots
MR     .....                    (no amulet)
Stlth  ..........               (no ring)
                                (no ring)

@: not resistant to hostile enchantments, extremely unstealthy
A: retaliatory headbutt, horns 2
a: Renounce Religion


You were on level 6 of the Dungeon.
You worshipped the Shining One.
The Shining One was noncommittal.
You were not hungry.

You visited 2 branches of the dungeon, and saw 7 of its levels.
You also visited: Sewer.

You collected 463 gold pieces.
You spent 20 gold pieces at shops.

Inventory:

Hand weapons
 a - a +0 war axe (weapon)
Armour
 c - a +0 shield (worn)
 o - a +1 cloak (worn) {niga poison}
 t - a +0 pair of boots (worn)
 w - a +0 plate armour (worn)
 E - a +0 pair of gloves (worn)
Jewellery
 y - an uncursed amulet of rage {unknown}
Scrolls
 f - 2 scrolls of magic mapping
 h - 5 scrolls of remove curse
 i - a scroll of recharging
 j - 5 scrolls of teleportation
 l - 2 scrolls of enchant armour
 q - 3 scrolls of identify
 v - 2 scrolls of fog
 x - a scroll of blinking
 G - a scroll of random uselessness {unknown}
Potions
 b - 3 potions of curing
 e - a potion of might
 g - 2 potions of restore abilities
 k - a potion of ambrosia {unknown}
 r - a potion of cure mutation {unknown}
 s - a potion of resistance {unknown}
 u - 2 potions of agility {unknown}
 z - a potion of poison {unknown}
 B - a potion of flight
 C - a potion of heal wounds {unknown}
 D - a potion of haste
 H - a potion of berserk rage {unknown}
Comestibles
 d - 5 bread rations
 m - a slice of pizza
 n - a royal jelly
 p - 2 beef jerkies
 A - 4 meat rations


   Skills:
 + Level 6.6 Fighting
 + Level 7.6 Axes
 - Level 4.4 Armour
 - Level 1.0 Dodging
 * Level 10.8 Shields


You had 8 spell levels left.
You didn't know any spells.

Dungeon Overview and Level Annotations

Branches:
Dungeon (6/15)             Temple (1/1) D:5

Altars:
Ashenzari
Cheibriados
Elyvilon
Gozag
Kikubaaqudgha
Makhleb
Nemelex Xobeh
Okawaru
Qazlal
Ru
Sif Muna
Trog
Vehumet
Yredelemnul
Zin
The Shining One

Shops:
D:5 *   D:6 }

Annotations:
D:6 Menkaure


Innate Abilities, Weirdness & Mutations

You reflexively headbutt those who attack you in melee.
You have a pair of horns on your head.


Message History

There is an open door here.
You completely miss the hobgoblin. The hobgoblin closely misses you.
You hit the hobgoblin.
The hobgoblin is almost dead.
The hobgoblin hits you but does no damage.
You slash the hobgoblin!
You kill the hobgoblin!
Menkaure calls on the powers of darkness!
Your body is wracked with pain!
You see here a trident.
Menkaure calls on the powers of darkness!
Your body is wracked with pain!
* * * LOW HITPOINT WARNING * * *
You see here a robe.
Menkaure gestures at you while chanting.
Pain shoots through your body!
* * * LOW HITPOINT WARNING * * *
Menkaure gestures at you while chanting.
Pain shoots through your body!
You die...

#.......# ##.##
#?....# #.# #)..#
#.# #M# #.# #)#
#.# #[# #.# ##.##
#.# ####...## #.#
#.....@.# #.#
#.###..## #.# ..
#.#########.# ##
#...........#
#......##########
#####.## #.# #.#
#.#


You could see Menkaure.

Vanquished Creatures
  Grinder (D:3)
  Edmund (D:4)
  2 phantoms (D:5)
  An ice beast (D:5)
  A sky beast (D:4)
  4 ogres
  A big kobold (Sewer)
  3 giant frogs (D:6)
  A hound (D:5)
  Crazy Yiuf (D:4)
  A worker ant (D:4)
  4 orc priests
  6 orc wizards
  An iguana (D:5)
  Ijyb (D:2)
  2 hound zombies (D:5)
  The ghost of Charly the Chopper, a weakling GrSk (D:3)
  A worker ant zombie (D:5)
  A river rat (Sewer)
  10 adders
  6 giant mites
  A shadow imp (D:5)
  6 worms
  7 giant geckos
  An ooze (D:1)
  18 orcs
  2 bat skeletons (D:4)
  11 goblins
  18 hobgoblins
  9 jackals
  3 quokkas
  14 bats
  5 giant cockroaches
  2 giant gecko skeletons (D:4)
  4 giant newts
  A jackal skeleton (D:4)
  13 kobolds
  16 rats
  A ballistomycete (D:6)
182 creatures vanquished.

Vanquished Creatures (others)
  2 giant spores (D:6)
2 creatures vanquished.

Grand Total: 184 creatures vanquished

Notes
Turn   | Place    | Note
--------------------------------------------------------------
     0 | D:1      | SockEdd, the Minotaur Fighter, began the quest for the Orb.
     0 | D:1      | Reached XP level 1. HP: 19/19 MP: 1/1
   139 | D:1      | Reached XP level 2. HP: 25/27 MP: 1/1
   141 | D:1      | Reached skill level 4 in Fighting
   442 | D:1      | Reached XP level 3. HP: 33/33 MP: 2/2
   609 | D:2      | Noticed Ijyb
   615 | D:2      | Killed Ijyb
   831 | D:2      | Reached XP level 4. HP: 36/41 MP: 2/2
  1015 | D:2      | Reached skill level 1 in Dodging
  1876 | D:3      | Reached XP level 5. HP: 42/47 MP: 2/2
  1925 | D:3      | Reached skill level 5 in Shields
  1969 | D:3      | Noticed Grinder
  1988 | D:3      | Killed Grinder
  1988 | D:3      | Reached skill level 5 in Fighting
  1988 | D:3      | Reached skill level 6 in Shields
  1988 | D:3      | Reached XP level 6. HP: 39/56 MP: 3/3
  1995 | D:3      | Noticed Charly's ghost (weakling GrSk)
  2013 | D:3      | Killed Charly's ghost
  2356 | D:4      | Noticed Edmund
  2364 | D:4      | Killed Edmund
  2364 | D:4      | Reached skill level 5 in Axes
  2364 | D:4      | Reached skill level 7 in Shields
  2364 | D:4      | Reached XP level 7. HP: 49/61 MP: 3/3
  2599 | D:4      | Reached skill level 8 in Shields
  2773 | D:4      | Noticed Crazy Yiuf
  2781 | D:4      | Killed Crazy Yiuf
  2802 | D:4      | Found a bloodstained altar of Trog.
  2871 | D:4      | Reached XP level 8. HP: 68/70 MP: 3/3
  3055 | D:4      | Found a sacrificial altar of Ru.
  3209 | D:5      | Entered Level 5 of the Dungeon
  3209 | D:5      | Found Pruech's General Store.
  3251 | D:5      | Reached skill level 9 in Shields
  3258 | D:5      | Found a staircase to the Ecumenical Temple.
  3288 | D:5      | Found a glowing drain.
  3314 | Sewer    | Entered a sewer
  3423 | Sewer    | Found a white marble altar of Elyvilon.
  3512 | Temple   | Entered the Ecumenical Temple
  3604 | Temple   | Became a worshipper of the Shining One
  3661 | D:5      | Bought a scroll of identify for 20 gold pieces
  3878 | D:5      | Reached skill level 10 in Shields
  4614 | D:6      | Found a white marble altar of Elyvilon.
  4870 | D:6      | Found a sparkling altar of Nemelex Xobeh.
  4882 | D:6      | Reached XP level 9. HP: 78/78 MP: 4/4
  4993 | D:6      | Found Gequamul's Gadget Boutique.
  4993 | D:6      | Noticed Menkaure
  5063 | D:6      | Killed from afar by Menkaure

Action                   |  1- 3 |  4- 6 |  7- 9 || total
-------------------------+-------+-------+-------++-------
Melee: War axe           |    66 |   172 |   254 ||   492
  Use: Scroll            |     1 |     9 |     1 ||    11
       Potion            |       |       |     2 ||     2
  Eat: Meat ration       |       |     1 |       ||     1
       Chunk             |       |       |     9 ||     9
